 Dungeon Crawl Stone Soup version 0.25-b1-50-g7b83aa72e5 (webtiles) character file.

Game seed: 13190757924434821753

969791 gruber the Conqueror (level 27, -4/247 HPs)
             Began as a Minotaur Fighter on June 12, 2020.
             Was the Champion of the Shining One.
             Slain by Antaeus (8 damage)
             ... on level 7 of Cocytus.
             The game lasted 02:28:55 (92612 turns).

gruber the Conqueror (Minotaur Fighter)            Turns: 92612, Time: 02:28:55

Health: -4/247     AC: 28    Str: 42    XL:     27
Magic:  14/44      EV: 33    Int:  9    God:    the Shining One [******]
Gold:   8309       SH: 52    Dex: 15    Spells: 50/63 levels left

rFire    + + .     SeeInvis +   h - +10 zealot's sword {holy, *Rage rN+ EV+3}
rCold    + + +     Gourm    .   k - +7 tower shield {rC+ rF+}
rNeg     + + +     Faith    .   b - +4 faerie dragon scales {*Drain rPois rF+ rCorr HP+2 Clar}
rPois    +         Spirit   .   Z - +1 hat "Ohaadaot" {rPois Dex+4 SInv Stlth+}
rElec    +         Reflect  .   P - +1 cloak of Starlight {rElec rC+ EV+4 Stlth--}
rCorr    +         Harm     .   R - +2 pair of gloves of Dis Enum {rPois Str+2 Stlth+}
MR       ++++.     Clarity  +   M - +0 pair of boots of Inquiry {Int+4}
Stlth    +.........             z - amulet of Utyafeetho {Acrobat MR+}
HPRegen  0.51/turn              s - ring of protection from magic
MPRegen  0.29/turn              E - ring of Ciucsokeaw {rC+ Str+7}

@: mighty, divine shield, very slightly contaminated, hasted, glowing, very
quick
A: retaliatory headbutt, horns 2, blurry vision 1, frail 1
}: 5/15 runes: barnacled, silver, bone, abyssal, gossamer
a: Divine Shield, Cleansing Flame, Summon Divine Warrior, Brand Weapon With Holy
Wrath, Renounce Religion


You were on level 7 of Cocytus.
You worshipped the Shining One.
The Shining One was exalted by your worship.
You were very hungry.

You visited 15 branches of the dungeon, and saw 73 of its levels.
You visited the Abyss 2 times.
You also visited: Ice Cave and Wizlab.

You collected 10588 gold pieces.
You spent 2279 gold pieces at shops.

Inventory:

Hand Weapons
 h - the +10 zealot's sword (weapon) {holy, *Rage rN+ EV+3}
   (You bought it in a shop on level 4 of the Dungeon)

   It has been blessed by the Shining One to cause great damage to the undead
   and demons.
   It affects your evasion (+3).
   It protects you from negative energy.
   It may make you go berserk in combat.
 i - the +3 sling "Punk" {acid, rCorr}
   (You took it off an ironheart preserver on level 5 of the Vaults)

   It provides partial protection from all sources of acid and corrosion.
Missiles
 v - 12 curare-tipped darts (quivered)
 x - 319 sling bullets
Armour
 b - the +4 faerie dragon scales (worn) {*Drain rPois rF+ rCorr HP+2 Clar}
   (You took it off the Enchantress on level 1 of the Depths)

   It protects you from fire.
   It protects you from poison.
   It affects your health (+2).
   It protects you against confusion.
   It provides partial protection from all sources of acid and corrosion.
   It causes draining when unequipped.
 k - a +7 tower shield of resistance (worn)
 M - the +0 pair of boots of Inquiry (worn) {Int+4}
   (You found it on level 4 of the Depths)

   It affects your intelligence (+4).
 P - the +1 cloak of Starlight (worn) {rElec rC+ EV+4 Stlth--}
   (You found it in a wizard's laboratory)

   It affects your evasion (+4).
   It protects you from cold.
   It insulates you from electricity.
   It makes you much less stealthy.
 R - the +2 pair of gloves of Dis Enum (worn) {rPois Str+2 Stlth+}
   (You found it on level 1 of the Shoals)

   It affects your strength (+2).
   It protects you from poison.
   It makes you more stealthy.
 Y - +0 gold dragon scales
 Z - the +1 hat "Ohaadaot" (worn) {rPois Dex+4 SInv Stlth+}
   (You found it in an ice cave)

   It affects your dexterity (+4).
   It protects you from poison.
   It lets you see invisible.
   It makes you more stealthy.
Jewellery
 c - the ring of Kinn {+Inv AC+4 Int+5}
   (You found it on level 1 of the Crypt)

   [ring of protection]

   It affects your AC (+4).
   It affects your intelligence (+5).
   It lets you turn invisible.
 s - a ring of protection from magic (left hand)
 z - the amulet of Utyafeetho (around neck) {Acrobat MR+}
   (You took it off a draconian knight on level 1 of the Realm of Zot)

   [amulet of the acrobat]

   It helps you evade while moving and waiting.
   It affects your resistance to hostile enchantments.
 E - the ring of Ciucsokeaw (right hand) {rC+ Str+7}
   (You found it on level 7 of Tartarus)

   [ring of protection from cold]

   It affects your strength (+7).
   It protects you from cold.
 T - an uncursed ring of protection from fire
Wands
 a - a wand of disintegration (97)
 n - a wand of iceblast (80)
 y - a wand of paralysis (43)
 A - a wand of acid (53)
 C - a wand of enslavement (24)
 I - a wand of digging (28)
 Q - a wand of polymorph (24)
Scrolls
 e - 31 scrolls of teleportation
 g - 6 scrolls of blinking
 j - 43 scrolls of remove curse
 m - 16 scrolls of fear
 p - 14 scrolls of fog
 w - 7 scrolls of identify
 H - 2 scrolls of amnesia
 K - 3 scrolls of silence
 O - 9 scrolls of magic mapping
Potions
 d - 3 potions of might
 o - 24 potions of curing
 q - 7 potions of heal wounds
 r - 8 potions of stabbing
 t - 6 potions of cancellation
 u - 6 potions of lignification
 B - 10 potions of brilliance
 D - 9 potions of ambrosia
 F - 6 potions of haste
 J - 13 potions of flight
 L - 7 potions of magic
 S - 5 potions of berserk rage
 W - 2 potions of resistance
Comestibles
 f - 111 rations
 l - 7 chunks of flesh


   Skills:
 O Level 27 Fighting
 O Level 27 Long Blades
 - Level 2.5 Slings
 O Level 27 Armour
 - Level 19.0 Dodging
 O Level 27 Shields
 - Level 7.5 Unarmed Combat
 * Level 18.7 Spellcasting
 + Level 19.3 Translocations
 - Level 22.0 Invocations


You had 50 spell levels left.
You knew the following spells:

 Your Spells              Type           Power        Failure   Level  Hunger
a - Blink                 Tloc           N/A          0%          2    None
b - Controlled Blink      Tloc           N/A          14%         8    #######
c - Lesser Beckoning      Tloc           #####.....   0%          3    None

Your spell library contained the following spells:

 Spells                   Type           Power        Failure   Level  Hunger
 Apportation              Tloc           #####.       0%          1    None
 Gell's Gravitas          Tloc           #####.....   0%          3    None
 Teleport Other           Tloc           #####...     0%          3    None
 Shroud of Golubria       Chrm/Tloc      ####..       1%          2    None
 Portal Projectile        Hex/Tloc       ####..       1%          3    None
 Recall                   Summ/Tloc      N/A          1%          3    None
 Iskenderun's Mystic Bla  Conj/Tloc      ####....     1%          4    ###....
 Passage of Golubria      Tloc           N/A          1%          4    ###....
 Dispersal                Tloc           #####.....   1%          6    ######.
 Summon Forest            Summ/Tloc      ####......   3%          5    #####..
 Foxfire                  Conj/Fire      #...         6%          1    None
 Freeze                   Ice            #...         6%          1    None
 Magic Dart               Conj           #...         6%          1    None
 Shock                    Conj/Air       #...         6%          1    None
 Summon Butterflies       Summ           #.......     6%          1    None
 Call Imp                 Summ           #.......     10%         2    None
 Corpse Rot               Necr/Air       N/A          10%         2    None
 Passwall                 Tmut/Erth      #.......     10%         2    None
 Poisonous Vapours        Pois/Air       #.....       10%         2    None
 Searing Ray              Conj           #.....       10%         2    None
 Slow                     Hex            #.......     10%         2    None
 Sublimation of Blood     Necr           #.........   10%         2    None
 Swiftness                Chrm/Air       #.......     10%         2    None
 Call Canine Familiar     Summ           #.......     19%         3    None
 Confusing Touch          Hex            #.......     19%         3    None
 Conjure Flame            Conj/Fire      #.......     19%         3    None
 Dazzling Flash           Conj/Hex       #.....       19%         3    None
 Frozen Ramparts          Ice            #.....       19%         3    None
 Ignite Poison            Fire/Tmut/Pois #.......     19%         3    None
 Inner Flame              Hex/Fire       #.......     19%         3    None
 Mephitic Cloud           Conj/Pois/Air  #.......     19%         3    None
 Ozocubu's Armour         Chrm/Ice       #.......     19%         3    None
 Static Discharge         Conj/Air       #.......     19%         3    None
 Stone Arrow              Conj/Erth      #.....       19%         3    None
 Airstrike                Air            #.........   52%         4    ###....
 Animate Dead             Necr           N/A          52%         4    ###....
 Cause Fear               Hex            #.........   52%         4    ###....
 Dispel Undead            Necr           #.......     52%         4    ###....
 Fulminant Prism          Conj/Hex       #.........   52%         4    ###....
 Hailstorm                Conj/Ice       #.......     52%         4    ###....
 Leda's Liquefaction      Hex/Erth       #.........   52%         4    ###....
 Petrify                  Tmut/Erth      #.......     52%         4    ###....
 Sticky Flame             Conj/Fire      #.......     52%         4    ###....
 Summon Ice Beast         Ice/Summ       #.......     52%         4    ###....
 Summon Lightning Spire   Summ/Air       #.......     52%         4    ###....
 Malign Gateway           Summ/Tloc      ####......   69%         7    #######
 Agony                    Necr           #.......     86%         5    #####..
 Aura of Abjuration       Summ           #.........   86%         5    #####..
 Bolt of Magma            Conj/Fire/Erth #.........   86%         5    #####..
 Borgnjor's Vile Clutch   Necr/Erth      #.........   86%         5    #####..
 Excruciating Wounds      Chrm/Necr      #.........   86%         5    #####..
 Fireball                 Conj/Fire      #.........   86%         5    #####..
 Lee's Rapid Deconstruct  Erth           #.........   86%         5    #####..
 Lightning Bolt           Conj/Air       #.........   86%         5    #####..
 Metabolic Englaciation   Hex/Ice        #.........   86%         5    #####..
 Summon Demon             Summ           #.........   86%         5    #####..
 Summon Mana Viper        Hex/Summ       #.......     86%         5    #####..
 Yara's Violent Unravell  Hex/Tmut       #.........   86%         5    #####..
 Darkness                 Hex            #.........   100%        6    ######.
 Death Channel            Necr           #.........   100%        6    ######.
 Eringya's Noxious Bog    Tmut/Pois      #.........   100%        6    ######.
 Freezing Cloud           Conj/Ice/Air   #.........   100%        6    ######.
 Hydra Form               Tmut           #.........   100%        6    ######.
 Invisibility             Hex            #.......     100%        6    ######.
 Iron Shot                Conj/Erth      #.........   100%        6    ######.
 Shadow Creatures         Summ           N/A          100%        6    ######.
 Simulacrum               Ice/Necr       #.........   100%        6    ######.
 Starburst                Conj/Fire      #.........   100%        6    ######.
 Statue Form              Tmut/Erth      #........    100%        6    ######.
 Dragon Form              Tmut           #.........   100%        7    #######
 Monstrous Menagerie      Summ           #.........   100%        7    #######
 Ring of Flames           Chrm/Fire      #.........   100%        7    #######
 Summon Greater Demon     Summ           #.........   100%        7    #######
 Summon Hydra             Summ           #.........   100%        7    #######
 Ignition                 Fire           #.........   100%        8    #######
 Summon Horrible Things   Summ           #.........   100%        8    #######
 Dragon's Call            Summ           #.........   100%        9    #######
 Shatter                  Erth           #.........   100%        9    #######
 Tornado                  Air            #.........   100%        9    #######


Dungeon Overview and Level Annotations

Branches:
Dungeon (15/15)            Temple (1/1) D:5            Lair (6/6) D:11
 Shoals (4/4) Lair:3       Spider (4/4) Lair:2        Slime (0/5) Lair:6
    Orc (2/2) D:10            Elf (3/3) Orc:2        Vaults (5/5) D:14
  Crypt (3/3) Vaults:3       Tomb (0/3) Crypt:3      Depths (5/5) D:15
   Hell (visited)             Dis (6/7) Hell            Geh (0/7) Hell
    Coc (7/7) Hell            Tar (7/7) Hell            Zot (4/5) Depths:5
  IceCv (visited)          WizLab (visited)

Altars:
Ashenzari
Cheibriados
Dithmenos
Elyvilon
Fedhas
Gozag
Hepliaklqana
Kikubaaqudgha
Makhleb
Nemelex Xobeh
Okawaru
Qazlal
Ru
Sif Muna
Trog
Uskayaw
Vehumet
Wu Jian
Xom
Yredelemnul
Zin
The Shining One

Shops:
D:4 *   Orc:2 (*[?   Elf:2 }}?   Vaults:2 :   Vaults:3 *   Depths:5 *%

Portals:
Hell: Lair:6 Depths:1 Depths:2 Depths:3 Depths:4 Depths:5
Abyss: Depths:2 Depths:4
Pandemonium: Depths:3
Ziggurat: Depths:5
Trove: Depths:4 (give 13 potions of heal wounds)

Annotations:
Coc:7 Antaeus


Innate Abilities, Weirdness & Mutations

You reflexively headbutt those who attack you in melee.
You have a pair of horns on your head.
Scrolls take you a little longer to read.
You are frail. (-10% HP)


Message History

The five-headed hydra simulacrum completely misses you.
You feel better.
You block the five-headed hydra simulacrum's attack. x3
The five-headed hydra simulacrum barely misses you.
You block the five-headed hydra simulacrum's attack.
You completely miss Antaeus. You slice Antaeus!!
Antaeus convulses!!
You headbutt Antaeus!
Antaeus is lightly wounded.
You slash Antaeus!
Antaeus convulses!!
Antaeus is lightly wounded.
You slice Antaeus!!
Antaeus convulses.
Antaeus is lightly wounded.
You block the five-headed hydra simulacrum's attack. x4
The five-headed hydra simulacrum barely misses you.
Antaeus hits you!!!
* * * LOW HITPOINT WARNING * * *
Antaeus freezes you! You resist.
* * * LOW HITPOINT WARNING * * *
Antaeus hits you!
You die...

.≈≈≈.#≈○≈).....# ≈≈≈≈≈
≈.≈≈.#≈≈≈#.#...#.≈≈≈≈≈
≈≈.≈.#≈≈≈..2°.Z#.≈≈≈≈≈ ≈
≈≈≈.≈.#....Z.Z#°≈≈≈≈≈≈ ≈≈
...≈≈≈.#....○#Z≈≈°.... ≈≈≈
###.≈.#########°E.####.≈≈≈
.#C## #Z#....#.≈≈ ...##
##C.....#.≈ ... #@.......#
.#.. #Z..#....#
#.......#.≈ #...#....#
#........# ##......#.≈
.#....#.≈≈ ≈.#..#.≈≈ ≈
...≈≈


You could see Antaeus and a five-headed hydra simulacrum.

Vanquished Creatures
  Ereshkigal (Tar:7)
  5 ancient liches
  Mennas (Crypt:3)
  Sojobo (Depths:1)
  11 shard shrikes
  Xtahua (Crypt:3)
  The ghost of Hynwimna the Slayer, a veteran MiGl of Okawaru (Elf:1)
  Frederick (Vaults:2)
  Bai Suzhen (Vaults:2)
  A curse toe (Zot:4)
  Margery (Crypt:3)
  Saint Roka (Elf:2)
  A Killer Klown (Zot:4)
  Geryon (Hell)
  A caustic shrike (Depths:4)
  A profane servitor (WizLab)
  14 golden dragons
  the Enchantress (Depths:1)
  Jory (Depths:3)
  Arachne (Spider:4)
  26 bone dragons
  50 Tzitzimimeh
  A Brimstone Fiend (Dis:5)
  A hellephant (Hell)
  7 iron giants
  3 electric golems
  20 doom hounds
  Jorgrun (D:10)
  20 tentacled monstrosities
  2 Hell Sentinels
  10 Ice Fiends
  11 quicksilver dragons
  3 titans
  5 deep elf blademasters
  Asterion (Elf:1)
  8 liches
  2 deep elf master archers
  16 ancient champions
  An Executioner (Dis:1)
  An eldritch tentacle (WizLab)
  6 tentacled starspawn
  Gastronok (Lair:1)
  10 death cobs
  4 sphinxes
  Frances (Spider:1)
  An acid blob (Lair:6)
  Roxanne (Spider:3)
  22 storm dragons
  11 draconian monks
  Ilsuiw (Shoals:4)
  11 tengu reavers
  17 shadow dragons
  2 storm dragons (shapeshifter) (Depths:3)
  The ghost of Raspi the Warrior, a journeyman MiBe of Trog (Shoals:2)
  2 revenants
  12 draconian scorchers
  13 deep elf sorcerers
  8 ghost moths
  18 vault wardens
  2 curse skulls
  14 frost giants
  12 fire giants
  2 orc warlords (Depths:1)
  A caustic shrike zombie (Depths:1)
  3 balrugs
  An iron dragon (shapeshifter) (Depths:3)
  A frost giant (shapeshifter) (Depths:3)
  8 iron dragons
  4 emperor scorpions
  9 draconian knights
  9 ghouls
  2 cacodemons
  15 ironheart preservers
  3 draconian stormcallers
  6 deep elf elementalists
  10 very ugly things
  8 draconian shifters
  5 entropy weavers
  88 reapers
  4 elemental wellsprings
  24 stone giants
  A caustic shrike skeleton (Depths:1)
  12 draconian annihilators
  8 green draconians
  4 spriggan defenders
  13 war gargoyles
  9 deep elf demonologists
  2 lorocyprocas
  14 vampire knights
  Azrael (Spider:3)
  7 black draconians
  2 dire elephants
  A minotaur (Lair:5)
  11 deep elf annihilators
  9 white draconians
  11 yellow draconians
  8 spark wasps
  The ghost of grindst0ne the Zephyrmancer, a journeyman TeAE of Vehumet (Lair:5)
  16 purple draconians
  12 red draconians
  5 blizzard demons
  An ettin (shapeshifter) (Depths:4)
  15 deep elf death magi
  Snorg (D:13)
  2 crystal guardians (Depths:3)
  7 fire dragons
  2 eidola
  7 death oozes
  12 jiangshi
  6 merfolk javelineers
  5 quicksilver dragon zombies
  A spectral kraken (Tar:7)
  2 green deaths
  11 yaktaur captains
  18 ettins
  A kraken zombie (Coc:4)
  Fannar (Lair:1)
  9 merfolk impalers
  32 vault guards
  11 great orbs of eyes
  8 quicksilver dragon skeletons
  6 deep elf high priests
  A juggernaut simulacrum (Depths:3)
  6 hydras
  19 ice dragons
  2 hell beasts (Dis:1)
  A merfolk avatar (Shoals:2)
  9 rakshasas
  6 spriggan air magi
  2 shambling mangroves (Abyss:3)
  10 centaur warriors
  Erica (D:9)
  6 merfolk aquamancers
  16 ogre magi
  5 death knights
  3 ghost crabs
  2 satyrs
  A satyr (shapeshifter) (Depths:3)
  6 tengu warriors
  An alligator snapping turtle (Shoals:4)
  56 two-headed ogres
  11 deep troll shamans
  4 death yaks (Lair:6)
  8 thrashing horrors
  3 titan zombies
  11 vampire magi
  15 iron golems
  32 dancing weapons
  10 deep troll earth magi
  A shock serpent (shapeshifter) (Depths:5)
  12 deep elf knights
  4 hell hogs
  3 spriggan berserkers
  43 hell knights
  Nergalle (Orc:1)
  A shock serpent (Depths:3)
  Sonja (Lair:5)
  10 sun demons
  31 soul eaters
  A sixfirhy (Abyss:5)
  181 skeletal warriors
  5 storm dragon zombies
  A wretched star (Abyss:1)
  6 titan skeletons
  9 shadow wraiths
  13 sea snakes
  17 anaconda zombies
  10 iron trolls
  5 golden dragon zombies
  5 storm dragon skeletons
  3 ghost moth zombies
  A spatial maelstrom (Abyss:3)
  38 deep trolls
  A quicksilver dragon simulacrum (Coc:7)
  6 wizards
  An iron giant skeleton (Crypt:2)
  5 unseen horrors
  48 shadow demons
  13 flayed ghosts
  A swamp dragon (shapeshifter) (Vaults:5)
  4 glowing orange brains
  6 anaconda skeletons
  An obsidian statue (WizLab)
  11 deep elf archers
  15 ironbrand convokers
  16 orc knights
  27 phantasmal warriors
  7 wolf spider zombies
  11 necromancers
  21 orb spiders
  32 wolf spiders
  44 deep elf magi
  4 shadow dragon skeletons
  A mana viper (WizLab)
  2 golden dragon skeletons
  16 harpies
  7 shadow dragon zombies
  8 stone giant zombies
  7 orc sorcerers
  13 slime creatures
  50 ugly things
  A salamander (D:15)
  2 harpies (shapeshifter)
  6 iron dragon zombies
  11 manticores
  5 fire giant zombies
  5 frost giant zombies
  10 cyclopes
  6 worldbinders
  An elephant (shapeshifter) (Depths:3)
  2 manticores (shapeshifter)
  9 fauns
  A faun (shapeshifter) (Depths:2)
  A moth of wrath (shapeshifter) (Vaults:5)
  6 elephants
  2 naga magi (Depths:3)
  A guardian serpent (shapeshifter) (Depths:3)
  30 moths of wrath
  4 dire elephant zombies
  9 stone giant skeletons
  5 black mambas
  5 fire giant skeletons
  2 shock serpent zombies
  Joseph (D:7)
  6 iron dragon skeletons
  54 rust devils
  Psyche (D:8)
  8 water nymphs
  A titan simulacrum (Hell)
  A guardian serpent (WizLab)
  8 frost giant skeletons
  5 storm dragon simulacra
  15 merfolk sirens
  10 smoke demons
  18 vault sentinels
  5 torpor snails
  16 spiny frogs
  4 ice statues
  3 orange demons
  An eye of devastation (shapeshifter) (Depths:3)
  4 gargoyles (Crypt:3)
  A spiny frog (shapeshifter) (Vaults:1)
  6 komodo dragons
  A catoblepas zombie (Dis:6)
  22 demonic crawlers
  4 efreet
  44 yaktaurs
  3 dire elephant skeletons
  A death yak zombie (Crypt:2)
  5 kobold demonologists
  4 rime drakes
  52 tormentors
  25 hellions
  12 spectral swamp worms (Tar:7)
  51 ice devils
  8 anaconda simulacra
  3 emperor scorpion zombies
  42 freezing wraiths
  2 tengu conjurers
  25 hydra zombies
  5 harpy zombies
  7 silent spectres
  A golden dragon simulacrum (IceCv)
  3 iron troll zombies (Dis:6)
  23 red devils
  27 merfolk
  17 trolls
  41 jumping spiders
  9 ancient zymes
  A meliai (shapeshifter) (Elf:1)
  A catoblepas skeleton (Tar:7)
  A polar bear (Lair:6)
  6 meliai
  A jumping spider (shapeshifter) (Vaults:3)
  A wolf spider simulacrum (IceCv)
  28 blink frogs
  Prince Ribbit (D:7)
  6 hydra skeletons
  5 alligator zombies
  3 iron troll skeletons (Dis:6)
  Grinder (D:5)
  19 hornets
  10 hippogriffs
  4 bog bodies (Coc:7)
  2 harpy skeletons
  11 wind drakes
  5 raiju
  9 ettin zombies
  A raiju (shapeshifter) (Vaults:1)
  10 snapping turtles
  7 fire dragon zombies
  12 dream sheep
  5 ice dragon zombies
  4 black mamba zombies
  86 flying skulls
  2 fire dragon skeletons
  3 alligator skeletons
  87 redbacks
  5 spriggans (Depths:1)
  4 vampires
  28 water elementals
  5 air elementals
  2 wyverns
  A stone giant simulacrum (Coc:7)
  A dire elephant simulacrum (IceCv)
  2 spriggans (shapeshifter)
  44 shadows
  39 tarantellas
  5 ynoxinuls
  8 ettin skeletons
  2 ice dragon skeletons
  A redback (shapeshifter) (Depths:3)
  A yak (shapeshifter) (Depths:5)
  A black mamba skeleton (Tar:2)
  38 wraiths
  3 hogs (D:9)
  42 yaks
  A hog (shapeshifter) (Vaults:5)
  A golden eye (shapeshifter) (Vaults:4)
  6 basilisks
  A chaos spawn (Abyss:3)
  A steam dragon (D:9)
  9 hungry ghosts
  8 fire elementals
  21 humans
  A yaktaur simulacrum (Vaults:2)
  3 neqoxecs
  A human (shapeshifter) (Abyss:3)
  2 vampire mosquitoes (D:12)
  2 harpy simulacra (IceCv)
  A swamp worm (shapeshifter) (Depths:5)
  Edmund (D:6)
  5 human zombies
  14 water moccasins
  5 wargs
  4 soldier ants
  9 spatial vortices
  2 acid dragons
  11 hydra simulacra
  6 large abominations
  79 hell hounds
  11 spiny frog zombies
  A floating eye (shapeshifter) (Depths:2)
  A gelid demonspawn skeleton (Tar:4)
  3 iron troll simulacra (IceCv)
  5 porcupines
  31 orc warriors
  A floating eye (Depths:2)
  2 infernal demonspawn skeletons
  3 black bears
  A manticore zombie (Dis:2)
  12 spiny frog skeletons
  15 ice beasts
  An ice beast (shapeshifter) (Vaults:1)
  6 sky beasts
  A hornet zombie (Crypt:1)
  41 necrophages
  An ettin simulacrum (IceCv)
  3 eyes of draining
  11 starcursed masses
  3 swamp dragon zombies
  3 alligator simulacra
  49 ogres
  3 snapping turtle zombies
  10 phantoms
  9 wolves
  9 boggarts
  A centaur (shapeshifter) (Depths:4)
  20 centaurs
  A torpor snail zombie (Crypt:2)
  5 snapping turtle skeletons
  A manticore skeleton (Coc:4)
  14 crocodiles
  2 swamp dragon skeletons
  Blork the orc (D:4)
  8 big kobolds
  10 small abominations
  2 elf zombies
  A spiny frog simulacrum (Coc:6)
  A wyvern zombie (D:13)
  A human simulacrum (Depths:1)
  18 bullfrogs
  A salamander skeleton (Crypt:2)
  An elf skeleton (Tar:2)
  2 earth elementals (Elf:3)
  2 troll zombies
  5 scorpions
  3 spriggan zombies
  8 killer bees
  105 wights
  5 howler monkeys
  3 electric eels
  4 draconian simulacra (IceCv)
  A bullfrog zombie (D:7)
  3 centaur zombies
  3 centaur skeletons
  6 crimson imps
  7 hounds
  10 jellies
  A quasit (D:12)
  2 bullfrog skeletons
  A gnoll shaman (D:5)
  13 orc priests
  59 iron imps
  24 orc wizards
  2 human skeletons
  Ijyb (D:4)
  2 iguanas (D:7)
  3 spriggan simulacra (IceCv)
  4 worker ants
  3 troll simulacra (IceCv)
  A polar bear simulacrum (IceCv)
  2 wolf simulacra (IceCv)
  A killer bee zombie (D:8)
  5 ogre zombies (D:10)
  A sky beast zombie (Crypt:2)
  A centaur simulacrum (IceCv)
  A demigod skeleton (Crypt:1)
  An ogre skeleton (Tar:4)
  2 hound skeletons
  A hound zombie (Crypt:2)
  17 mummies
  A worker ant zombie (D:7)
  Robin (D:4)
  7 gnolls
  21 adders
  7 naga simulacra (IceCv)
  2 ogre simulacra (IceCv)
  A river rat (D:5)
  A swamp drake zombie (Crypt:1)
  23 shadow imps
  14 white imps
  5 ufetubi (IceCv)
  A halfling zombie (Crypt:1)
  14 oozes (Lair:6)
  A worm zombie (Crypt:2)
  4 adder skeletons
  A worm (shapeshifter) (Vaults:5)
  5 worms
  2 dart slugs
  6 leopard geckos
  85 orcs
  4 ball pythons
  8 giant cockroaches
  17 goblins
  11 hobgoblins
  6 jackals (D:4)
  24 kobolds
  3 quokkas
  8 bats
  6 frilled lizards
  2 goblin skeletons (D:10)
  2 goblin zombies (D:10)
  A hobgoblin zombie (D:10)
  An orc skeleton (D:10)
  18 orc zombies
  A quokka skeleton (D:4)
  10 rats
  5 crawling corpses
  A fungus (Lair:1)
  A starspawn tentacle (Abyss:1)
  5 tentacles
4403 creatures vanquished.

Vanquished Creatures (collateral kills)
  A deep elf master archer (Elf:3)
  2 tengu reavers (Vaults:5)
  A shadow dragon (Vaults:5)
  2 deep elf sorcerers (Elf:3)
  A draconian shifter (Zot:3)
  A black draconian (Zot:3)
  2 deep elf death magi
  A deep elf high priest (Vaults:5)
  6 vault guards (Vaults:5)
  A merfolk avatar (Shoals:4)
  A dancing weapon (Elf:2)
  A large abomination (Elf:3)
  2 deep elf magi (Elf:2)
  A frost giant skeleton (Tar:7)
  A guardian serpent (shapeshifter) (Vaults:5)
  A vault sentinel (Vaults:5)
  A hydra skeleton (Tar:7)
  2 ettin zombies
  An orc wizard (Elf:2)
  5 orcs
34 creatures vanquished.

Vanquished Creatures (others)
  A bone dragon (Dis:4)
  A white draconian (Depths:5)
  A hell hog (Abyss:3)
  A deep troll shaman (Depths:4)
  A skeletal warrior (Dis:6)
  A deep elf mage (Vaults:3)
  A warg (Vaults:5)
  An ogre (Orc:2)
  An orc wizard (D:4)
  A white imp (IceCv)
  2 ufetubi (IceCv)
  An orc (Vaults:5)
  A crawling corpse (Vaults:3)
  6 fungi
  A lurking horror (Abyss:1)
  31 plants
  8 starspawn tentacles
  5 tentacles
  2 withered plants (Crypt:2)
67 creatures vanquished.

Grand Total: 4504 creatures vanquished

Notes
Turn   | Place    | Note
-------+----------+-------------------------------------------
     0 | D:1      | gruber the Minotaur Fighter began the quest for the Orb.
     0 | D:1      | Reached XP level 1. HP: 19/19 MP: 0/0
   588 | D:1      | Reached XP level 2. HP: 26/26 MP: 1/1
   919 | D:1      | Reached XP level 3. HP: 26/31 MP: 2/2
  1269 | D:2      | Reached skill level 5 in Long Blades
  1525 | D:2      | Reached XP level 4. HP: 33/39 MP: 3/3
  2009 | D:2      | Reached XP level 5. HP: 41/45 MP: 4/4
  2225 | D:2      | Found an ornate altar of the Wu Jian Council.
  2711 | D:3      | Found a snail-covered altar of Cheibriados.
  3188 | D:4      | Noticed a black bear
  3191 | D:4      | Noticed Blork the orc
  3194 | D:4      | Killed a black bear
  3194 | D:4      | Reached skill level 5 in Armour
  3194 | D:4      | Reached XP level 6. HP: 48/51 MP: 5/5
  3201 | D:4      | Killed Blork the orc
  3329 | D:4      | Noticed Ijyb
  3348 | D:4      | Killed Ijyb
  3607 | D:4      | Noticed Robin
  3639 | D:4      | Killed Robin
  3780 | D:4      | Found Ukaroegody's General Store.
  3788 | D:4      | Bought a potion of curing for 30 gold pieces
  3833 | D:4      | Reached XP level 7. HP: 54/57 MP: 6/6
  4219 | D:4      | Found a stormy altar of Qazlal.
  4312 | D:5      | Entered Level 5 of the Dungeon
  4536 | D:5      | Noticed Grinder
  4543 | D:5      | Paralysed by Grinder for 4 turns
  4552 | D:5      | Killed Grinder
  4552 | D:5      | Reached skill level 5 in Fighting
  4613 | D:5      | Reached XP level 8. HP: 40/70 MP: 7/7
  4620 | D:5      | Found a staircase to the Ecumenical Temple.
  4641 | D:5      | Found an opulent altar of Gozag.
  5481 | Temple   | Entered the Ecumenical Temple
  5538 | Temple   | Became a worshipper of the Shining One
  5608 | D:6      | Found a hazy altar of Hepliaklqana.
  5994 | D:6      | Noticed Edmund
  6008 | D:6      | Killed Edmund
  6008 | D:6      | Reached skill level 10 in Fighting
  6132 | D:6      | Found a hide-covered altar of Uskayaw.
  6372 | D:7      | Reached XP level 9. HP: 63/85 MP: 8/8
  6481 | D:7      | Noticed Prince Ribbit
  6495 | D:7      | Killed Prince Ribbit
  7106 | D:7      | Reached * piety under the Shining One
  7176 | D:7      | Noticed Joseph
  7180 | D:7      | Reached skill level 10 in Long Blades
  7195 | D:7      | Killed Joseph
  7837 | D:8      | Found a shadowy altar of Dithmenos.
  8010 | D:8      | Noticed Psyche
  8016 | D:8      | Killed Psyche
  8016 | D:8      | Reached XP level 10. HP: 87/93 MP: 9/9
  8074 | D:8      | Found a shattered altar of Ashenzari.
  9327 | D:9      | Noticed a two-headed ogre
  9338 | D:9      | Killed a two-headed ogre
  9508 | D:9      | Reached ** piety under the Shining One
  9709 | D:9      | Noticed Erica
  9720 | D:9      | Killed Erica
 10110 | D:10     | Entered Level 10 of the Dungeon
 10227 | D:10     | Reached *** piety under the Shining One
 10232 | D:10     | Reached XP level 11. HP: 100/100 MP: 10/10
 10465 | D:10     | Found a staircase to the Orcish Mines.
 10485 | D:10     | Reached **** piety under the Shining One
 11233 | D:11     | Noticed an unseen horror
 11238 | D:11     | Killed an unseen horror
 11440 | D:11     | Found a staircase to the Lair.
 12089 | Lair:1   | Entered Level 1 of the Lair of Beasts
 12089 | Lair:1   | Noticed Fannar
 12102 | D:11     | Reached skill level 10 in Shields
 12222 | Lair:1   | Killed Fannar
 12690 | Lair:1   | Noticed Gastronok
 12713 | Lair:1   | Killed Gastronok
 12713 | Lair:1   | Reached XP level 12. HP: 78/106 MP: 11/11
 12959 | Lair:1   | Noticed a seven-headed hydra
 12968 | Lair:1   | Killed a one-headed hydra
 13725 | Lair:2   | Found a hole to the Spider Nest.
 13791 | Lair:2   | Reached skill level 15 in Shields
 13803 | Lair:2   | Noticed a seven-headed hydra
 13812 | Lair:2   | Killed a three-headed hydra
 15241 | Lair:3   | Reached XP level 13. HP: 86/113 MP: 12/12
 15406 | Lair:3   | Found a staircase to the Shoals.
 15515 | Lair:3   | Reached skill level 10 in Armour
 15940 | Lair:4   | Reached ***** piety under the Shining One
 17135 | Lair:5   | Found a runed translucent gate.
 17135 | Lair:5   | Found a runed translucent gate.
 17135 | Lair:5   | Found a runed translucent gate.
 17135 | Lair:5   | Noticed a minotaur
 17137 | Lair:5   | Noticed grindst0ne's ghost (journeyman TeAE)
 17438 | Lair:5   | Noticed Sonja
 17484 | Lair:5   | Killed Sonja
 17865 | Lair:6   | Entered Level 6 of the Lair of Beasts
 18129 | Lair:6   | Found a staircase to the Slime Pits.
 18498 | Lair:6   | Reached skill level 15 in Armour
 18839 | Lair:6   | Got a pitted long sword
 18840 | Lair:6   | Identified the +9 long sword of Aweishou {pain, *Corrode
                  | rElec Str+7 SInv} (You found it on level 6 of the Lair of
                  | Beasts)
 18892 | Lair:6   | Reached XP level 14. HP: 121/121 MP: 13/13
 18975 | Lair:6   | Found a burning altar of Makhleb.
 19040 | Lair:6   | Found a gateway to Hell.
 19204 | Lair:6   | Got a steaming scale mail
 19205 | Lair:6   | Identified the +2 scale mail "Uptuamaf" {Int+3} (You found
                  | it on level 6 of the Lair of Beasts)
 19592 | Lair:6   | Noticed an acid blob
 19614 | Lair:6   | Killed an acid blob
 19961 | Orc:1    | Entered Level 1 of the Orcish Mines
 19961 | Orc:1    | Noticed Jorgrun
 19989 | D:10     | Killed Jorgrun
 20319 | Orc:1    | Noticed Nergalle
 20330 | Orc:1    | Killed Nergalle
 20850 | Orc:2    | Entered Level 2 of the Orcish Mines
 21102 | Orc:1    | Reached skill level 1 in Dodging
 21448 | Orc:2    | Reached skill level 5 in Dodging
 21458 | Orc:2    | HP: 3/121 [ogre mage/bolt of fire (39)]
 21882 | Orc:2    | Found Mekun's Antique Weapon Shoppe.
 21887 | Orc:2    | Found Cofaek's Assorted Antiques.
 21930 | Orc:2    | Found Tadistit's Antique Armour Shop.
 21936 | Orc:2    | Found Qeosyps's Magic Scroll Emporium.
 21950 | Orc:2    | Found a staircase to the Elven Halls.
 21960 | Orc:2    | Reached XP level 15. HP: 90/126 MP: 14/14
 22132 | Orc:2    | Bought a scroll of acquirement for 572 gold pieces
 22132 | Orc:2    | Bought a scroll of identify for 22 gold pieces
 22132 | Orc:2    | Bought a scroll of identify for 22 gold pieces
 22132 | Orc:2    | Bought a scroll of identify for 22 gold pieces
 22132 | Orc:2    | Bought a scroll of identify for 22 gold pieces
 22132 | Orc:2    | Bought a scroll of teleportation for 33 gold pieces
 22132 | Orc:2    | Bought a scroll of fog for 22 gold pieces
 22137 | Orc:2    | Bought a spiked scale mail for 153 gold pieces
 22538 | Orc:2    | Identified the +5 scale mail "Niyph" {*Contam MP+9 Str+6}
                  | (You bought it in a shop on level 2 of the Orcish Mines)
 22747 | D:4      | Bought the +10 zealot's sword {holy, *Rage rN+ EV+3} for
                  | 1054 gold pieces
 22747 | D:4      | Found the +10 zealot's sword {holy, *Rage rN+ EV+3}
 23204 | D:12     | Reached ****** piety under the Shining One
 23883 | D:13     | Noticed Snorg
 23890 | D:13     | Killed Snorg
 24242 | D:14     | Reached skill level 10 in Dodging
 24850 | D:14     | Found a shadowy altar of Dithmenos.
 25316 | D:14     | Found a gate to the Vaults.
 25365 | D:15     | Entered Level 15 of the Dungeon
 25489 | D:15     | Found an opulent altar of Gozag.
 25757 | D:15     | Found a staircase to the Depths.
 25776 | D:15     | Reached XP level 16. HP: 134/134 MP: 15/15
 26249 | D:15     | Reached skill level 15 in Dodging
 26615 | Spider:1 | Entered Level 1 of the Spider Nest
 26630 | Spider:1 | You fall into a shaft and drop 1 floor!
 27079 | Spider:1 | You fall into a shaft and drop 1 floor!
 27139 | Spider:2 | HP: 2/134 [spark wasp (17)]
 27149 | Spider:2 | HP: 2/134 [spark wasp/living lightning (11)]
 28638 | Spider:1 | Noticed Frances
 28650 | Spider:1 | Killed Frances
 28673 | Spider:1 | Reached skill level 1 in Invocations
 28989 | Shoals:1 | Entered Level 1 of the Shoals
 29411 | Shoals:1 | Got a pair of heavily runed gloves
 29412 | Shoals:1 | Identified the +2 pair of gloves of Dis Enum {rPois Str+2
                  | Stlth+} (You found it on level 1 of the Shoals)
 29800 | Shoals:2 | Reached skill level 5 in Invocations
 29958 | Shoals:2 | Found a transporter.
 29963 | Shoals:2 | Found a transporter.
 29963 | Shoals:2 | Found a bloodstained altar of Trog.
 29963 | Shoals:2 | Identified the +4 trident of Rathejam {antimagic, rN+ MR++
                  | Dex+3}
 29963 | Shoals:2 | Noticed Raspi's ghost (journeyman MiBe)
 29983 | Shoals:2 | Identified the +8 demon trident "Goblinbane" {antimagic,
                  | MP+9 Dex-2 SInv}
 30205 | Shoals:2 | Reached XP level 17. HP: 107/140 MP: 20/20
 30752 | Shoals:3 | Found a frozen archway.
 30772 | IceCv    | Entered an ice cave
 31340 | IceCv    | Noticed an Ice Fiend
 31349 | IceCv    | Killed an Ice Fiend
 31374 | IceCv    | Got a crude hat
 31375 | IceCv    | Identified the +1 hat "Ohaadaot" {rPois Dex+4 SInv Stlth+}
                  | (You found it in an ice cave)
 31389 | IceCv    | Got a fine pewter ring
 31390 | IceCv    | Identified the ring of Xeokudgh {Ice Dex+7} (You found it
                  | in an ice cave)
 32062 | Shoals:4 | Entered Level 4 of the Shoals
 32215 | Shoals:4 | Reached skill level 10 in Invocations
 32443 | Shoals:4 | Noticed Ilsuiw
 32500 | Shoals:4 | Killed Ilsuiw
 32543 | Shoals:4 | HP: 2/140 [drowned by a drowned soul[a merfolk avatar]
                  | (14)]
 33742 | Shoals:4 | Got a barnacled rune of Zot
 34309 | Vaults:1 | Entered Level 1 of the Vaults
 34421 | Vaults:1 | Reached XP level 18. HP: 148/148 MP: 26/26
 35601 | Vaults:2 | Found a magical portal.
 35630 | WizLab   | Entered The Roulette of Golubria
 35630 | WizLab   | Found a transporter.
 35633 | WizLab   | Found a corrupted altar of Lugonu.
 35634 | WizLab   | Found the +1 cloak of Starlight {rElec rC+ EV+4 Stlth--}
 35690 | WizLab   | Found a transporter.
 35704 | WizLab   | Found a transporter.
 35719 | WizLab   | Noticed a profane servitor
 35761 | WizLab   | Found a transporter.
 35778 | WizLab   | Found a transporter.
 35810 | WizLab   | Found a transporter.
 35893 | WizLab   | Found a transporter.
 35893 | WizLab   | Found a transporter.
 35915 | WizLab   | Found a corrupted altar of Lugonu.
 35925 | WizLab   | Found a transporter.
 36065 | WizLab   | Learned a level 2 spell: Blink
 36096 | WizLab   | Found a transporter.
 36135 | WizLab   | Found a transporter.
 36135 | WizLab   | Found a transporter.
 36146 | WizLab   | Found a corrupted altar of Lugonu.
 36169 | WizLab   | Found a transporter.
 36169 | WizLab   | Found a transporter.
 36191 | WizLab   | Killed a profane servitor
 36425 | WizLab   | Found a transporter.
 36533 | WizLab   | Identified the Guide on Orientation
 36553 | WizLab   | Found a transporter.
 36559 | WizLab   | Reached skill level 1 in Translocations
 36580 | WizLab   | Found a transporter.
 36580 | WizLab   | Found a transporter.
 36670 | WizLab   | Found a transporter.
 36709 | WizLab   | Got a crude cloak
 36710 | WizLab   | Identified the cursed +0 cloak of Jotah {rElec MR+ Dex+2}
                  | (You found it in a wizard's laboratory)
 36717 | WizLab   | Got a faintly glowing cloak
 36718 | WizLab   | Identified the cursed +0 cloak of Uskayaw's Grace {Regen+}
                  | (You found it in a wizard's laboratory)
 36757 | WizLab   | Found a transporter.
 37022 | Vaults:2 | Reached skill level 5 in Translocations
 37155 | Vaults:2 | Found Resysul's Book Shop.
 37183 | Vaults:2 | Noticed Frederick
 37195 | Vaults:2 | Killed Frederick
 37449 | Vaults:2 | Noticed Bai Suzhen
 37485 | Vaults:2 | Killed Bai Suzhen
 37504 | Vaults:2 | Reached XP level 19. HP: 154/154 MP: 27/27
 37657 | Vaults:2 | Reached skill level 10 in Translocations
 39018 | Vaults:3 | Found a staircase to the Crypt.
 39856 | Vaults:3 | Found Sassic's General Store.
 40270 | Vaults:4 | Reached XP level 20. HP: 164/172 MP: 28/28
 40542 | Vaults:4 | Reached skill level 15 in Fighting
 41633 | Crypt:1  | Entered Level 1 of the Crypt
 41907 | Crypt:1  | Got a translucent steel ring
 41908 | Crypt:1  | Identified the ring of Kinn {+Inv AC+4 Int+5} (You found it
                  | on level 1 of the Crypt)
 42586 | Crypt:2  | Reached XP level 21. HP: 98/198 MP: 29/29
 43069 | Crypt:3  | Entered Level 3 of the Crypt
 43449 | Crypt:3  | Noticed Mennas
 43451 | Crypt:3  | Noticed Margery
 43550 | Crypt:3  | Killed Margery
 43580 | Crypt:3  | Killed Mennas
 43895 | Crypt:3  | Got a translucent marble ring
 43897 | Crypt:3  | Identified the ring "Viunt" {+Blink rF- rC+ rN+ SInv} (You
                  | found it on level 3 of the Crypt)
 43899 | Crypt:3  | Got a coiled jade ring
 43899 | Crypt:3  | Got a crude lapis lazuli ring
 43933 | Crypt:3  | Identified the ring "Caostoc" {+Fly rN+ Slay+3} (You found
                  | it on level 3 of the Crypt)
 43936 | Crypt:3  | Identified the ring of the Everdark {rElec rF- rN+ Dex+2}
                  | (You found it on level 3 of the Crypt)
 44166 | Crypt:3  | Noticed Xtahua
 44176 | Crypt:3  | Killed Xtahua
 44485 | Crypt:3  | Found a staircase to the Tomb.
 44487 | Crypt:3  | Noticed an ancient lich
 44498 | Crypt:3  | Killed an ancient lich
 44555 | Crypt:3  | Noticed an ancient lich
 44567 | Crypt:3  | Killed an ancient lich
 44582 | Crypt:3  | Identified the Collected Works on the Birds
 45316 | Depths:1 | Entered Level 1 of the Depths
 45350 | Depths:1 | Noticed Sojobo
 45557 | Depths:1 | Killed Sojobo
 45576 | Depths:1 | Reached XP level 22. HP: 217/217 MP: 30/30
 46058 | Depths:1 | Noticed the Enchantress
 46080 | Depths:1 | Killed the Enchantress
 47197 | Depths:2 | Paralysed by a floating eye for 2 turns
 47236 | Depths:2 | Found a one-way gate to the infinite horrors of the Abyss.
 47544 | Depths:2 | Paralysed by a floating eye for 3 turns
 47556 | Depths:2 | Paralysed by a floating eye for 4 turns
 47988 | Depths:2 | Got a twitching ruby amulet
 47989 | Depths:2 | Identified the amulet of Gunkuhom {+Inv rPois rC- rN+++
                  | Regen+} (You found it on level 2 of the Depths)
 48179 | Depths:3 | Reached XP level 23. HP: 236/236 MP: 15/31
 48449 | Depths:3 | Found a one-way gate leading to the halls of Pandemonium.
 49140 | Depths:3 | Reached skill level 27 in Fighting
 49140 | Depths:3 | Reached skill level 1 in Unarmed Combat
 49236 | Depths:3 | Noticed Jory
 49247 | Depths:3 | Killed Jory
 49532 | Depths:4 | Reached skill level 5 in Unarmed Combat
 49791 | Depths:4 | Found a portal to a secret trove of treasure.
 50138 | Depths:4 | Reached skill level 15 in Long Blades
 50700 | Depths:4 | Got an ancient amber ring
 50774 | Depths:4 | Noticed a caustic shrike
 50876 | Depths:4 | Reached XP level 24. HP: 249/249 MP: 31/31
 50886 | Depths:4 | Identified the ring of Jegrev {rElec rC+ rCorr} (You found
                  | it on level 4 of the Depths)
 50889 | Depths:4 | Got a pair of slimy boots
 50890 | Depths:4 | Identified the cursed +0 pair of boots of Inquiry {Int+4}
                  | (You found it on level 4 of the Depths)
 50907 | Depths:4 | Learned a level 8 spell: Controlled Blink
 51027 | Depths:5 | Entered Level 5 of the Depths
 51433 | Depths:5 | Found a gate to the Realm of Zot.
 51777 | Depths:5 | Found a gateway to a ziggurat.
 51910 | Depths:5 | Found Jaeddusu's Food Shoppe.
 51915 | Depths:5 | Found Menti's Assorted Antiques.
 51967 | Depths:5 | Bought a potion of heal wounds for 170 gold pieces
 52086 | Depths:5 | Reached skill level 15 in Translocations
 52466 | Elf:1    | Entered Level 1 of the Elven Halls
 52867 | Elf:1    | Noticed Asterion
 52877 | Elf:1    | Killed Asterion
 53078 | Elf:1    | Found a runed translucent door.
 53078 | Elf:1    | Noticed Hynwimna's ghost (veteran MiGl)
 53511 | Elf:2    | Found Adofeigh's Gadget Shoppe.
 53511 | Elf:2    | Found Ynocyux's Gadget Boutique.
 53701 | Elf:2    | Found Dotuc's Magic Scroll Emporium.
 53841 | Elf:2    | Found a huge runed translucent gate.
 53841 | Elf:2    | Found a huge runed translucent gate.
 53841 | Elf:2    | Found a huge runed translucent gate.
 53841 | Elf:2    | Found a huge runed translucent gate.
 53841 | Elf:2    | Found a huge runed translucent gate.
 53889 | Elf:2    | Cast into level 3 of the Abyss (+2 war axe of distortion)
 54194 | Abyss:5  | Entered Level 5 of the Abyss
 54336 | Elf:2    | Escaped the Abyss
 54619 | Elf:2    | Noticed Saint Roka
 54647 | Elf:2    | Killed Saint Roka
 54868 | Elf:3    | Entered Level 3 of the Elven Halls
 55138 | Elf:3    | Reached XP level 25. HP: 257/257 MP: 31/31
 55358 | Elf:3    | Identified the ring "Beeqag" {rN++ MP+9}
 55646 | Elf:3    | Identified the amulet of Olet {Faith *Corrode +Fly rN+}
 55932 | Elf:3    | Identified the Almanac of Quantum Clay
 56680 | Spider:3 | Noticed Azrael
 56689 | Spider:3 | Killed Azrael
 56702 | Spider:3 | Noticed Roxanne
 56716 | Spider:3 | Killed Roxanne
 57279 | Spider:4 | Entered Level 4 of the Spider Nest
 57287 | Spider:4 | Noticed Arachne
 57324 | Spider:4 | Killed Arachne
 58166 | Spider:4 | Got a gossamer rune of Zot
 58521 | Depths:2 | Voluntarily entered the Abyss.
 58537 | Abyss:1  | Noticed an ancient lich
 58544 | Abyss:1  | Killed an ancient lich
 59246 | Abyss:2  | Found a corrupted altar of Lugonu.
 59516 | Abyss:3  | Reached XP level 26. HP: 251/266 MP: 31/31
 59681 | Abyss:3  | Got an abyssal rune of Zot
 59686 | Depths:2 | Escaped the Abyss
 60056 | Zot:1    | Entered Level 1 of the Realm of Zot
 60651 | Zot:1    | Noticed an ancient lich
 60655 | Zot:1    | Identified the amulet of Utyafeetho {Acrobat MR+}
 60752 | Zot:1    | Found a radiant altar of Vehumet.
 60928 | Zot:1    | Found a transporter.
 61476 | Elf:1    | Killed Hynwimna's ghost
 61732 | Lair:5   | Killed grindst0ne's ghost
 61906 | Shoals:2 | Killed Raspi's ghost
 62299 | Zot:1    | Killed an ancient lich
 62557 | Zot:1    | Found a transporter.
 63335 | Zot:2    | Reached XP level 27. HP: 240/273 MP: 31/31
 64191 | Zot:2    | Reached skill level 1 in Spellcasting
 64780 | Zot:3    | Reached skill level 5 in Spellcasting
 66104 | Zot:4    | Got a warped diamond amulet
 66105 | Zot:4    | Identified the amulet "Foah" {Inacc Str+6 Stlth+} (You
                  | found it on level 4 of the Realm of Zot)
 66244 | Zot:4    | Reached skill level 10 in Spellcasting
 67321 | Vaults:5 | Entered Level 5 of the Vaults
 67641 | Vaults:5 | Got a slimy copper ring
 67649 | Vaults:5 | Learned a level 3 spell: Lesser Beckoning
 68129 | Vaults:5 | Identified the Catalogue of Changing
 68132 | Vaults:5 | Got a silver rune of Zot
 68138 | Vaults:5 | Identified the ring "Wopoevo" {+Inv rC+} (You found it on
                  | level 5 of the Vaults)
 68747 | Vaults:5 | Identified the +2 leather armour of Negation {rC+ rN+ MR+
                  | Regen+}
 69411 | Vaults:3 | Bought 21 sling bullets for 157 gold pieces
 71348 | Hell     | Entered the Vestibule of Hell
 71348 | Hell     | Noticed Geryon
 71377 | Hell     | Killed Geryon
 71518 | Hell     | Found a gateway to the freezing wastes of Cocytus.
 71579 | Hell     | Found a gateway to the decaying netherworld of Tartarus.
 71633 | Hell     | Found a gateway to the ashen valley of Gehenna.
 71696 | Hell     | Found a gateway to the Iron City of Dis.
 71952 | Dis:1    | Entered Level 1 of the Iron City of Dis
 76580 | Dis:4    | Reached skill level 27 in Shields
 76683 | Dis:4    | Reached skill level 1 in Slings
 79750 | Dis:6    | Reached skill level 27 in Armour
 80025 | Dis:6    | Gained mutation: You are frail. (-10% HP) [mutagenic glow]
 80083 | Dis:6    | Gained mutation: Scrolls take you a little longer to read.
                  | [mutagenic glow]
 80671 | Tar:1    | Entered Level 1 of Tartarus
 80727 | Tar:1    | Reached skill level 27 in Long Blades
 81246 | Tar:1    | Reached skill level 15 in Invocations
 86148 | Tar:5    | You fall into a shaft and drop 1 floor!
 86604 | Tar:6    | Found a shadowy altar of Dithmenos.
 87413 | Tar:7    | Entered Level 7 of Tartarus
 87757 | Tar:7    | Noticed an ancient lich
 87762 | Tar:7    | Killed an ancient lich
 88846 | Tar:7    | Reached skill level 15 in Spellcasting
 89451 | Tar:7    | Identified the +1 tower shield "Gavocada" {MR+ SInv}
 89542 | Tar:7    | Noticed Ereshkigal
 89564 | Tar:7    | Killed Ereshkigal
 89707 | Tar:7    | Got a shimmering marble ring
 89710 | Tar:7    | Identified the ring of Ciucsokeaw {rC+ Str+7} (You found it
                  | on level 7 of Tartarus)
 89722 | Tar:7    | Got a bone rune of Zot
 89729 | Tar:7    | Got a steaming tin ring
 89732 | Tar:7    | Identified the ring "Vyjugi" {*Tele rElec rN+ Str+7} (You
                  | found it on level 7 of Tartarus)
 90244 | Coc:1    | Entered Level 1 of Cocytus
 92185 | Coc:7    | Entered Level 7 of Cocytus
 92588 | Coc:7    | Noticed Antaeus
 92596 | Coc:7    | HP: 11/247 [Ice Fiend/bolt of cold (6)]
 92612 | Coc:7    | HP: 11/247 [Antaeus (59)]
 92612 | Coc:7    | HP: 4/247 [Antaeus (7)]
 92612 | Coc:7    | Slain by Antaeus

Illustrated notes

Levels and vault maps discovered:
D:1:      dpeg_arrival_morbid_curiosity, layout_basic
D:2:      layout_basic, marbit_many_paths
D:3:      layout_loops_ring, cheibriados_altar_1, kennysheep_generic_room_14
D:4:      layout_basic, nicolae_overflow_hidden_temple, serial_shops, shop,
          uniq_robin, uniq_blork_the_orc, uniq_ijyb
D:5:      layout_rooms, lemuel_round_altar, minmay_temple_entry_enclosed_plants,
          portal_sewer_entry_b, first_ration, kennysheep_generic_room_7,
          uniq_grinder
D:6:      layout_loops_ring, lemuel_doored_altar,
          nicolae_overflow_crystal_walls, uniq_edmund
D:7:      layout_rooms, kennysheep_generic_room_16, uniq_joseph,
          uniq_prince_ribbit1
D:8:      layout_loops_corners, nicolae_ashenzari_panopticon,
          old_standard_altar, uniq_psyche
D:9:      layout_long_grid, grunt_livestock, uniq_erica
D:10:     layout_roguey, zombieorc1_lemuel
D:11:     layout_stronghold, david_lair_generic, serial_rivers,
          chequers_serial_rivers_room_b, chequers_serial_rivers_small_3,
          chequers_serial_rivers_large_a, chequers_serial_rivers_small_a,
          chequers_serial_rivers_micro_c, minmay_misc_feat_four_crosses
D:12:     layout_basic
D:13:     layout_roguey, uniq_snorg
D:14:     layout_basic, grunt_vaults_entry_tiered,
          nicolae_dithmenos_through_a_glass_darkly
D:15:     hangedman_depths_entry_try_elsewhere_first, layout_basic, basic_altar,
          serial_rivers, chequers_serial_rivers_micro_c,
          chequers_serial_rivers_micro_b, chequers_serial_rivers_marsh,
          chequers_serial_rivers_marsh, chequers_serial_rivers_micro_a,
          chequers_serial_rivers_micro_e, st_stairs_10, corexii_corridor_pit
Temple:   eino_temple_water
Lair:1:   minmay_lair_venomous_thicket, layout_regular_city,
          beast_lair_carwin_1, grunt_megastairs_5, lemuel_fruit_tree,
          uniq_fannar, uniq_gastronok
Lair:2:   layout_gridlike, nicolae_spider_entry_orb_guardian, ldierk_geyser,
          grunt_megastairs_2, infiniplex_staircase_pool
Lair:3:   layout_regular_city, minmay_shoals_entry_lonely_mermaid,
          grunt_megastairs_1, serial_bayou_shore_b
Lair:4:   layout_regular_city
Lair:5:   layout_roguey, maelrawn_ghost_gauntlet_escape, fungi_pond_lemuel,
          uniq_sonja
Lair:6:   evil_forest, layout_long_grid, nicolae_slime_entry_slimehenge,
          special_room [special_room_jelly]
Shoals:1: layout_shoals
Shoals:2: layout_shoals, gammafunk_ghost_wrathful_warriors
Shoals:3: cheibrodos_shoals_baths, layout_shoals,
          portal_ice_cave_entry_ice_statue_two,
          nicolae_shoals_arrival_archipelago
Shoals:4: shoals_end_grunt_ice, layout_shoals, shoal_ilsuiw
Spider:1: layout_spider_delve, uniq_frances
Spider:2: layout_spider_delve, nicolae_crawler_farm
Spider:3: layout_spider_delve, nicolae_spider_cling_ruins, uniq_azrael,
          uniq_roxanne
Spider:4: guppyfry_spider_rune, uniq_arachne
Orc:1:    layout_caves, uniq_jorgrun, uniq_nergalle
Orc:2:    st_orc_open, layout_caves, nicolae_orc_tapped_out
Elf:1:    elf_arrival_001, layout_loops_corners, ebering_ghost_inner_flame,
          minmay_elf_crystal_hexagon, uniq_asterion
Elf:2:    layout_geoelf_octagon, serial_shops, nicolae_shop_stone,
          nicolae_shop_waterfront, shop, nrook_mini_backslash, uniq_saint_roka
Elf:3:    minmay_elf_hall_four_x, layout_gridlike
Vaults:1: grunt_vaults_bifocal, vaults_room_semicircle,
          ontoclasm_vaults_ligature, ontoclasm_vaults_hangar,
          hangedman_vaults_unwind, vaults_room_stairs_pillars,
          nicolae_vaults_circle_grid_b, vaults_mumra_minichess_inversion,
          vaults_standard_mumra_lines, ontoclasm_vaults_fault, v_pattern_1,
          nicolae_vaults_border_crossing, vaults_room_stairs_pillars,
          grunt_vaults_hallway_short, layout_vaults_ring
Vaults:2: v_misc_3, nicolae_vaults_what_the_h, nicolae_vaults_holding_cells,
          v_misc_24, hangedman_vaults_impose, nicolae_vaults_network_s,
          hangedman_vaults_stretched_pinwheel, hangedman_vaults_corner,
          serial_ice_g, nicolae_vaults_shelves_hall, layout_vaults_maze_snakey,
          serial_shops, nicolae_shop_statue_plus,
          lightli_enter_wizlab_magi_temple, uniq_frederick, uniq_bai_suzhen
Vaults:3: nicolae_vaults_angled_halls, minmay_crypt_entry_simple_box,
          vaults_room_grid, vaults_room_pools, ontoclasm_vaults_twist,
          vaults_room_corners, dpeg_vaults_monster_box, v_rooms_2,
          nicolae_vaults_mini_display_case, vaults_dpeg_diagonal,
          vaults_mumra_lcd, nicolae_vaults_little_squares_2,
          nicolae_vaults_circle_grid_b, layout_vaults_quadrants, serial_shops,
          nicolae_shop_stone
Vaults:4: vaults_dpeg_ring, nicolae_vaults_specimen_jars,
          nicolae_vaults_rhombus_6, ontoclasm_vaults_idyll,
          hangedman_vaults_slither, nicolae_vaults_network_quincunx
          [nicolae_vaults_network_quincunx_subvault,
          nicolae_vaults_network_quincunx_subvault,
          nicolae_vaults_network_quincunx_subvault,
          nicolae_vaults_network_quincunx_subvault,
          nicolae_vaults_network_quincunx_subvault], grunt_vaults_diagonal,
          hangedman_vaults_stagger, v_pattern_5, vaults_room_pool, v_rooms_6,
          v_misc_27, vaults_room_pool, layout_vaults_omnibox
Vaults:5: serial_shops
Crypt:1:  layout_rooms, nicolae_crypt_small_crypt, grunt_crypt_arrival_webbed
Crypt:2:  layout_chaotic_city, minigarden_bobbens, grunt_megastairs_3
Crypt:3:  quadcrypt_mu, uniq_xtahua, uniq_margery, uniq_mennas
Depths:1: layout_cave_shapes, pf_hell_entry_great_geh, minmay_orc_keep,
          kennysheep_random_hallway, serial_bayou_shore_a, uniq_enchantress,
          uniq_sojobo
Depths:2: minmay_the_grid_triangle_9x9_rhombus_thin_mashed
          [minmay_the_grid_triangle_9x9_thin_v,
          minmay_the_grid_triangle_9x9_prize_insulated,
          minmay_the_grid_triangle_9x9_swiss_cheese,
          minmay_the_grid_triangle_9x9_sparse_checkered], layout_cave_pools,
          grunt_hell_horde, abyss_entry
Depths:3: hangedman_crystal_crosses_colossus [crystal_crosses_arms_four,
          crystal_crosses_arms_four, crystal_crosses_arms_two,
          crystal_crosses_arms_one], hell_entry, pan_entry, serial_shops,
          uniq_jory
Depths:4: minmay_tile_spiral, layout_basic, nicolae_trove_entry_free_sample,
          abyss_entry, nicolae_twisting_strands, hell_entry,
          infiniplex_staircase_pillars_2
Depths:5: grunt_crosshair, layout_gridlike, enter_ziggurat_f, hex_medium,
          hell_entry, serial_sigils_hangedman_gut, minmay_shoptagon
Hell
Dis:1:    layout_subdivisions
Dis:2:    layout_regular_city
Dis:3:    layout_subdivisions
Dis:4:    layout_subdivisions
Dis:5:    layout_gridville, grunt_dis_stairs_iron_hall
Dis:6:    hangedman_dis_monolith, layout_regular_city
Coc:1:    layout_cocytus_water_paths
Coc:2:    layout_ice_bergs
Coc:3:    layout_cocytus_water_paths
Coc:4:    layout_ice_bergs
Coc:5:    layout_ice_bergs, lemuel_elevator
Coc:6:    layout_cocytus_water_paths
Coc:7:    coc_hangedman
Tar:1:    layout_grid_maze
Tar:2:    layout_grid_maze
Tar:3:    layout_catacombs
Tar:4:    layout_grid_maze
Tar:5:    layout_grid_maze
Tar:6:    regret_index_dithmenos_brocken_genspenst, layout_cathedral_of_symmetry
Tar:7:    tar_minmay_river
Zot:1:    gammafunk_sealed_library, layout_twisted_circle, grunt_ministairs_12,
          st_stairs_1
Zot:2:    kennysheep_ambush_hall, layout_onion_interference
Zot:3:    layout_cathedral_of_symmetry, grunt_ministairs_4
Zot:4:    kennysheep_room_grid, layout_onion_interference

Skill      XL: |  1  2  3  4  5  6  7  8  9 10 11 12 13 14 15 16 17 18 19 20 21 22 23 24 25 26 27 |
---------------+----------------------------------------------------------------------------------+-----
Long Blades    | 3 4 5 6 11 14 17 18 24 27 | 27.0
Armour         | 4 5 7 9 15 18 20 24 27 | 27.0
Fighting       | 6 10 13 19 22 25 27 | 27.0
Shields        | 6 13 17 27 | 27.0
Dodging        | 6 14 19 | 19.0
Invocations    | 6 13 22 | 22.0
Translocations | 9 12 18 19 | 19.3
Unarmed Combat | 7 |  7.5
Spellcasting   | 18 | 18.7
Slings         | 2 |  2.5

Action                   |  1- 3 |  4- 6 |  7- 9 | 10-12 | 13-15 | 16-18 | 19-21 | 22-24 | 25-27 || total
-------------------------+-------+-------+-------+-------+-------+-------+-------+-------+-------++-------
Melee: Long sword        |   117 |   195 |   319 |   127 |    22 |       |       |       |       ||   780
       Headbutt          |    12 |    30 |    59 |   117 |   267 |   429 |   445 |   523 |  2059 ||  3941
       Scimitar          |       |       |       |   440 |   668 |       |       |       |       ||  1108
       Eudemon blade     |       |       |       |       |   418 |  1412 |  1206 |  1496 |  6236 || 10768
Throw: Dart              |       |       |       |       |       |       |       |       |     1 ||     1
 Cast: Blink             |       |       |       |       |       |       |       |     2 |     5 ||     7
       Controlled Blink  |       |       |       |       |       |       |       |       |     2 ||     2
       Lesser Beckoning  |       |       |       |       |       |       |       |       |     2 ||     2
Invok: Divine Shield     |       |       |       |     1 |     2 |     6 |     2 |     4 |    22 ||    37
       Cleansing Flame   |       |       |       |       |       |     7 |     1 |     1 |    34 ||    43
       Summon Divine War |       |       |       |       |       |     1 |     1 |     1 |     6 ||     9
Evoke: Wand              |       |       |     5 |       |       |    11 |       |       |       ||    16
  Use: Scroll            |       |       |       |       |    32 |    18 |     9 |    11 |    12 ||    82
       Potion            |       |       |       |       |     3 |    11 |       |       |     4 ||    18
 Stab: Paralysed         |       |       |     5 |       |       |       |       |       |       ||     5
  Eat: Chunk             |     2 |     8 |    14 |    24 |    34 |    29 |    18 |    30 |    63 ||   222
       Ration            |       |       |       |       |       |     4 |     3 |     1 |    21 ||    29
Armor: Scale mail        |    63 |    64 |   151 |   122 |    94 |       |       |       |       ||   494
       Plate armour      |       |    15 |       |       |   102 |   249 |   145 |   159 |       ||   670
       Acid dragon scale |       |       |       |       |       |       |       |    21 |   603 ||   624
       Gold dragon scale |       |       |       |       |       |       |       |    17 |       ||    17
Dodge: Dodged            |    36 |    44 |    91 |   149 |   187 |   498 |   339 |   486 |  2077 ||  3907
Block: Kite shield       |    64 |    78 |   147 |   103 |       |       |       |       |       ||   392
       Tower shield      |       |       |       |   197 |   959 |  1418 |  1032 |  1563 |  6899 || 12068
       Reflection        |       |       |       |       |       |       |       |   104 |    24 ||   128
       Rpst.: Long sword |    10 |    10 |    32 |    11 |       |       |       |       |       ||    63
       Scimitar          |       |       |       |    28 |    21 |       |       |       |       ||    49
       Eudemon blade     |       |       |       |       |    23 |   102 |    55 |    67 |   324 ||   571
